 Dungeon Crawl Stone Soup version 0.32-a0-616-g9348d4545b (webtiles) character file.

Game seed: 8200710514543897082

14121 ytrimaz the Cleaver (level 12, -1/97 HPs)
             Began as a Coglin Berserker on Mar 6, 2024.
             Was an Elder of Trog.
             Slain by a black mamba (shapeshifter) (14 damage)
             ... on level 12 of the Dungeon.
             The game lasted 00:13:12 (12782 turns).

ytrimaz the Cleaver (Coglin Berserker)             Turns: 12782, Time: 00:13:13

Health: -1/97      AC: 19    Str: 22    XL:     12   Next: 13%
Magic:  12/12      EV:  8    Int: 11    God:    Trog [****..]
Gold:   632        SH:  0    Dex: 18    Spells: 11/11 levels left

rFire   + . .        a - +1 hand axe (protect) {Suni}
rCold   + + .        d - +1 war axe (drain) {Fatehjeet}
rNeg    . . .        x - +1 plate armour {rC+}
rPois   .            (no helmet)
rElec   .            E - scarf {rC+ rF+}
rCorr   .            t - +0 pair of gloves
SInv    .            i - +0 pair of boots "Suzxudoi" {Int+5 Dex+3}
Will    .....        (amulet unavailable) Stlth
                     (ring unavailable)
HPRegen 0.36/turn    (ring unavailable)
MPRegen 0.13/turn    (no gizmo)

%: no passive effects
@: about to teleport, on berserk cooldown, slowed, very slow
A: off-hand wielding, slow wielding, warmup strikes, no jewellery
a: Invent Gizmo, Renounce Religion, Berserk, Trog's Hand, Brothers in Arms


You were on level 12 of the Dungeon.
You worshipped Trog.
Trog was greatly pleased with you.
You visited 1 branch of the dungeon, and saw 12 of its levels.
You also visited: Bailey.

You collected 632 gold pieces.


Innate Abilities, Weirdness & Mutations

You can wield a second weapon in your off-hand.
It takes a long time for you to wield or remove held weapons.
Your first few attacks do less damage.
You cannot equip rings or amulets.


   Skills:
 - Level 10.0 Fighting
 + Level 12.3 Axes
 + Level 11.1 Armour
 - Level 1.7 Dodging
 + Level 2.0 Evocations


You had 11 spell levels left.
You didn't know any spells.
Your spell library was empty.

Inventory:

Hand Weapons
 a - a +1 hand axe of protection (weapon) {Suni}
 c - a +3 war axe
   (You took it off an orc warrior in a bailey)
 d - a +1 war axe of draining (offhand) {Fatehjeet}
   (You took it off Maggie on level 7 of the Dungeon)
 l - a +0 hand axe {Taribatum}
   (You took it off an orc on level 3 of the Dungeon)
 w - a +3 war axe
   (You took it off a hobgoblin in a bailey)
 A - a +0 broad axe
   (You took it off an orc warrior in a bailey)
 B - a +0 broad axe
   (You took it off a kobold demonologist in a bailey)
Armour
 i - the +0 pair of boots "Suzxudoi" (worn) {Int+5 Dex+3}
   (You acquired it in a bailey)

   Int+5:     It affects your intelligence (+5).
   Dex+3:     It affects your dexterity (+3).
 r - a +0 cloak
   (You took it off Crazy Yiuf on level 2 of the Dungeon)
 t - a +0 pair of gloves (worn)
   (You found it on level 1 of the Dungeon)
 u - +0 swamp dragon scales
   (You took it off Maggie on level 7 of the Dungeon)
 x - a +1 plate armour of cold resistance (worn)
   (You took it off an orc warrior on level 7 of the Dungeon)
 E - a scarf of resistance (worn)
   (You found it in a bailey)
Wands
 q - a wand of warping (24)
   (You took it off Crazy Yiuf on level 2 of the Dungeon)
 C - a wand of mindburst (2) (quivered)
   (You found it on level 10 of the Dungeon)
 J - a wand of digging (6)
   (You found it on level 11 of the Dungeon)
Scrolls
 p - 6 scrolls of revelation
 y - a scroll of poison
 z - a scroll of immolation
 D - 2 scrolls of enchant armour
 F - 2 scrolls of vulnerability
 H - a scroll of blinking
 I - a scroll of enchant weapon
Potions
 b - 2 potions of resistance
 f - a potion of haste {unknown}
 g - 3 potions of might {unknown}
 h - 4 potions of enlightenment
 k - 2 potions of heal wounds
 m - a potion of invisibility {unknown}
 n - 3 potions of attraction {unknown}
 o - a potion of cancellation {unknown}
 s - 4 potions of degeneration {unknown}
 v - a potion of mutation {unknown}

Dungeon Overview and Level Annotations

Branches:
Dungeon (12/15) Zot: 26903  Temple (0/1) D:4            Lair (0/5) D:11
    Orc (0/2) D:9          Bailey (visited)

Altars:
Cheibriados
Gozag
Makhleb
Nemelex Xobeh
Okawaru
Vehumet

Shops:
D:9 *

Annotations:
D:12 Snorg

..?...))).# #).).#
###..## ... ##..##
....###T..###
........#...#.#
#..#.##..##.#.#
....##.....#.###..
..##..#.###@S...... .
#...###...###..
##....#..###
##........##
..##.#..###..#
#............###
####.#..####...#
#.#.†..##...#
#.##........##########


You could see a black mamba.


Message History

You take 2 damage, and now have 30/145 hp.
Unknown command.
You feel sick. The gnoll closely misses you.
The gnoll hits you but does no damage. x2
Items here: )) [ †. 😱 HP[-1]
You take 1 damage, and now have 29/145 hp.
You feel a strong urge to attack something.
You feel sick. The gnoll barely misses you.
The gnoll hits you but does no damage. x2 😱 HP[-2]
You take 2 damage, and now have 27/145 hp.
Unknown command.
You slice the gnoll with your +1 war axe of draining!!
You kill the gnoll!
Trog accepts your kill.
You hit the gnoll with your +1 war axe of draining.
You kill the gnoll!
Trog accepts your kill.
You slash the gnoll with your +1 war axe of draining!
You drain the gnoll.
You feel the power of Trog in you as your rage grows.
You kill the gnoll!
Trog accepts your kill.
You feel sick. 😱 HP[-2]
You take 2 damage, and now have 25/145 hp.
Unknown command.
Unknown command.
You feel sick. 😱 HP[-1]
You take 1 damage, and now have 24/145 hp.
Unknown command.
You feel a strong urge to attack something.
You feel sick. 😱 HP[-1]
You take 1 damage, and now have 23/145 hp.
You feel sick.
Unknown command. 😱 HP[-1]
You take 1 damage, and now have 22/145 hp.
You start resting.
You feel your anger nearly subside.
You are no longer berserk.
You are exhausted.
You feel yourself slow down.
You feel sick. 😱 HP[-8]
You now have 97 max hp (-48).
You feel sick.
You feel sick.
You feel sick.
A wraith comes into view. 😱 HP[-4]
You take 4 damage, and now have 10/97 hp.
Unknown command.
A wraith is nearby!
A wraith is nearby!
Unknown command.
You feel sick.
You are no longer poisoned. 😱 HP[+1]
A wraith is nearby!
Unknown command.
Aiming: Mindburst
Press: ? - help, Q - select action, (/) - cycle Shift-Dir - straight line, f - wraith
Aim: a wraith (chance to affect: 37%)
The wraith resists with some effort. 😱 HP[+1]
Aiming: Mindburst
Press: ? - help, Q - select action, (/) - cycle Shift-Dir - straight line, f/p - wraith
Aim: a wraith (chance to affect: 37%)
The wraith's mind is blasted!!
The wraith hits you but does no damage. The wraith barely misses you.
Unknown command.
You slash the wraith with your +1 war axe of draining!
You hit the wraith but do no damage.
Your weapon exudes an aura of protection.
The wraith hits you.
* * * LOW HITPOINT WARNING * * *
😱 HP[-3]
You take 3 damage, and now have 9/97 hp.
You hit the wraith but do no damage.
You slash the wraith with your +1 war axe of draining!
You destroy the wraith!
Trog accepts your kill.
Your Evocations skill increases to level 2!
Unknown command.
Snorg the Insatiable comes into view. 😱 HP[+3]
You regained 3 hp, and now have 12/97 hp.
Snorg is nearby!
A black mamba comes into view.
The black mamba hisses angrily. 😱 HP[+1] Unknown command.
As you read the scroll of teleportation, it crumbles to dust.
You feel strangely unstable.
The black mamba bites you but does no damage. x2
The black mamba bites you!
You die...

Skill      XL: |  1  2  3  4  5  6  7  8  9 10 11 12 |
---------------+-------------------------------------+-----
Armour         | 2 3 4 6 7 9 10 11 | 11.1
Fighting       | 4 5 7 8 10 | 10.0
Axes           | 4 5 7 8 10 12 | 12.3
Evocations     | 2 |  2.0
Dodging        | |  1.7

Action                     |  1- 3 |  4- 6 |  7- 9 | 10-12 || total
---------------------------+-------+-------+-------+-------++-------
  Melee: Hand axe          |    56 |   225 |   320 |   320 ||   921
         Dagger            |    46 |    53 |       |       ||    99
         War axe           |       |       |   150 |   343 ||   493
 Invoke: Berserk           |       |     1 |     1 |     1 ||     3
         Brothers in Arms  |       |       |     1 |     3 ||     4
         Trog's Hand       |       |       |     1 |     1 ||     2
  Evoke: Wand              |       |       |       |     9 ||     9
    Use: Scroll            |       |     9 |     3 |     8 ||    20
         Potion            |       |       |     1 |     9 ||    10
 Armour: Animal skin       |    30 |     5 |       |       ||    35
         Ring mail         |       |    10 |       |       ||    10
         Plate armour      |       |   118 |   263 |   464 ||   845
         Skin              |       |       |     8 |    47 ||    55
  Dodge: Dodged            |    40 |    67 |    95 |   142 ||   344

Levels and vault maps discovered:
D:1:      psy_arrival_radial01, layout_basic, minmay_misc_feat_four_crosses,
          minmay_ruptured
D:2:      layout_loops_cross, uniq_crazy_yiuf_cottage
D:3:      layout_loops_corners, okawaru_trees_2
D:4:      layout_rooms, general_overflow_altar, minmay_temple_entry_grid,
          serial_curves, eino_curves_01, eino_curves_01, minmay_lizard_king
D:5:      nicolae_cairo_tiling, layout_cave_pods,
          mainiacjoe_overflow_six_doors_small, mainiacjoe_overflow_alcove_4,
          serial_bayou_pond_e
D:6:      layout_rooms, roderic_lattice_a
D:7:      layout_loops_ring, uniq_joseph, uniq_maggie
D:8:      layout_basic, mainiacjoe_overflow_alcove_1, uniq_prince_ribbit1
D:9:      wad_woods_stonehenge, layout_layer_cave, orc_0_dummy, enter_bailey_1,
          nicolae_shop_gadgets, uniq_erica
D:10:     layout_basic, uniq_maurice
D:11:     layout_cave_pools, hellmonk_lair_entry_icy
D:12:     layout_rooms, uniq_snorg

Notes
Turn   | Place    | Note
-------+----------+-------------------------------------------
     0 | D:1      | ytrimaz the Coglin Berserker began the quest for the Orb.
     0 | D:1      | Reached XP level 1. HP: 18/18 MP: 1/1
     0 | D:1      | magus.rc [v1.9.6]
   180 | D:1      | Reached skill level 2 in Armour
   187 | D:1      | Reached XP level 2. HP: 24/24 MP: 2/2
   829 | D:1      | Reached XP level 3. HP: 21/29 MP: 3/3
  1206 | D:2      | Reached ** piety under Trog
  1262 | D:2      | Reached XP level 4. HP: 35/37 MP: 4/4
  1377 | D:2      | Found a runed translucent door.
  1378 | D:2      | Noticed Crazy Yiuf
  1798 | D:2      | Killed Crazy Yiuf
  1799 | D:2      | Reached skill level 4 in Fighting
  2051 | D:3      | Reached skill level 4 in Axes
  2051 | D:3      | Reached skill level 3 in Armour
  2051 | D:3      | Reached XP level 5. HP: 38/42 MP: 5/5
  2189 | D:3      | Found an iron altar of Okawaru.
  2515 | D:3      | Identified the +2 leather armour of the Valley {rF++}
  2905 | D:4      | Found a staircase to the Ecumenical Temple.
  3047 | D:4      | Found a snail-covered altar of Cheibriados.
  3102 | D:4      | Reached XP level 6. HP: 43/47 MP: 6/6
  3212 | D:4      | Reached *** piety under Trog
  3502 | D:5      | Entered Level 5 of the Dungeon
  3541 | D:5      | Reached skill level 5 in Fighting
  3561 | D:5      | Reached skill level 4 in Armour
  3561 | D:5      | Reached XP level 7. HP: 26/56 MP: 7/7
  3680 | D:5      | Reached skill level 5 in Axes
  4400 | D:5      | Found a sparkling altar of Nemelex Xobeh.
  4430 | D:5      | Reached XP level 8. HP: 55/64 MP: 8/8
  4480 | D:5      | Reached skill level 6 in Fighting
  4674 | D:5      | Found a radiant altar of Vehumet.
  4943 | D:6      | Reached skill level 6 in Axes
  4943 | D:6      | Reached skill level 5 in Armour
  4972 | D:6      | Reached **** piety under Trog
  5341 | D:6      | Found the Hermit's Pendant {Faith Invo=14 Evo=0 MP+5}
  5437 | D:6      | Reached skill level 7 in Fighting
  5746 | D:7      | Reached skill level 7 in Axes
  5746 | D:7      | Reached skill level 6 in Armour
  5746 | D:7      | Reached XP level 9. HP: 72/72 MP: 9/9
  6051 | D:7      | Reached skill level 8 in Fighting
  6112 | D:7      | Reached skill level 8 in Axes
  6124 | D:7      | Reached skill level 7 in Armour
  6411 | D:7      | Reached ***** piety under Trog
  6427 | D:7      | Noticed Maggie
  6443 | D:7      | Killed Maggie
  6774 | D:7      | Noticed Joseph
  6792 | D:7      | Reached XP level 10. HP: 78/82 MP: 10/10
  6797 | D:7      | Killed Joseph
  7250 | D:8      | Reached skill level 9 in Fighting
  7407 | D:8      | Found a burning altar of Makhleb.
  7520 | D:8      | Noticed Prince Ribbit
  7525 | D:8      | Killed Prince Ribbit
  7526 | D:8      | Reached skill level 9 in Axes
  7998 | D:9      | Found a flagged portal.
  8017 | Bailey   | Entered a bailey
  8053 | Bailey   | Reached skill level 8 in Armour
  8448 | Bailey   | Noticed a kobold demonologist
  8453 | Bailey   | Killed a kobold demonologist
  8846 | Bailey   | Noticed a kobold demonologist
  9043 | Bailey   | Found an iron altar of Okawaru.
  9069 | Bailey   | Noticed an orange demon
  9082 | Bailey   | Killed a kobold demonologist
  9138 | Bailey   | Identified the +8 long sword of Stickiness {drain, rC+
                  | rCorr Str-5 Int+4}
  9305 | D:9      | Acquired the +0 pair of boots "Suzxudoi" {Int+5 Dex+3}
  9353 | D:9      | Reached skill level 10 in Fighting
  9406 | D:9      | Found a staircase to the Orcish Mines.
  9411 | D:9      | Noticed an elephant
  9413 | D:9      | Noticed an elephant
  9426 | D:9      | Reached skill level 10 in Axes
  9426 | D:9      | Reached skill level 9 in Armour
  9426 | D:9      | Reached XP level 11. HP: 57/90 MP: 11/11
  9444 | D:9      | HP: 32/135 [elephant (3)]
  9449 | D:9      | HP: 27/135 [killer bee (7)]
  9450 | D:9      | Received a gift from Trog
  9455 | D:9      | HP: 20/135 [killer bee (4)]
  9700 | D:9      | Found an opulent altar of Gozag.
  9776 | D:9      | Noticed Erica
  9796 | D:9      | Killed Erica
  9797 | D:9      | Reached skill level 11 in Axes
  9800 | D:9      | Reached skill level 10 in Armour
 10336 | D:9      | Found Ynuyrum's Gadget Gallery.
 10887 | D:10     | Entered Level 10 of the Dungeon
 11594 | D:10     | Noticed Maurice
 11604 | D:10     | Something stole a +0 broad axe
 11612 | D:10     | Something stole 229 gold
 11613 | D:10     | HP: 22/90 [something (3)]
 11614 | D:10     | Something stole 332 gold
 11617 | D:10     | Killed Maurice
 11621 | D:10     | HP: 15/90 [something (1)]
 11624 | D:10     | HP: 5/90 [something (7)]
 11958 | D:11     | Found a staircase to the Lair.
 11995 | D:11     | HP: 20/90 [something (6)]
 12004 | D:11     | HP: 22/90 [something (16)]
 12323 | D:11     | Reached skill level 12 in Axes
 12402 | D:11     | Noticed a purple ugly thing
 12409 | D:11     | Reached XP level 12. HP: 97/97 MP: 12/12
 12488 | D:11     | Reached skill level 11 in Armour
 12718 | D:12     | Reached skill level 1 in Evocations
 12756 | D:12     | HP: 35/145 [gnoll/+0 halberd[a gnoll sergeant] (6)]
 12761 | D:12     | HP: 24/145 [poisoned by a gnoll sergeant]
 12766 | D:12     | HP: 12/97 [poisoned by a gnoll sergeant]
 12773 | D:12     | HP: 9/97 [wraith (4)]
 12775 | D:12     | Reached skill level 2 in Evocations
 12779 | D:12     | Noticed Snorg
 12782 | D:12     | Slain by a black mamba (shapeshifter)

Vanquished Creatures
  An ugly thing (D:11)
  4 elephants (D:9)
  Maurice (D:10)
  Joseph (D:7)
  2 kobold demonologists (Bailey)
  An unseen horror (D:10)
  A rime drake (D:11)
  Prince Ribbit (D:8)
  5 trolls
  A vampire (D:11)
  4 wraiths
  2 wyverns
  5 yaks (D:9)
  5 vampire mosquitoes
  A water moccasin (D:9)
  2 sky beasts (D:6)
  13 orc warriors
  8 ice beasts
  2 black bears
  3 wolves (D:11)
  An ogre (D:7)
  3 centaurs
  A phantom (D:5)
  2 kobold brigands
  2 scorpions
  3 bullfrogs
  A gnoll sergeant (D:12)
  6 wights (D:7)
  12 killer bees
  6 electric eels (Bailey)
  7 howler monkeys
  3 bombardier beetles
  2 jellies
  A hound (D:6)
  5 orc priests
  Crazy Yiuf (D:2)
  A gnoll bouda (D:8)
  5 iguanas
  10 orc wizards
  26 gnolls
  12 adders
  A shadow imp (D:7)
  A white imp (D:8)
  4 ufetubi
  3 ribbon worms (D:3)
  2 dart slugs
  48 orcs
  6 ball pythons
  4 bats
  7 endoplasms
  3 giant cockroaches
  8 goblins
  10 hobgoblins
  7 jackals
  2 quokkas
  8 frilled lizards
  12 kobolds
  4 rats
303 creatures vanquished.

Vanquished Creatures (collateral kills)
  Maggie (D:7)
  An orc priest (D:9)
2 creatures vanquished.

Vanquished Creatures (others)
  Erica (D:9)
1 creature vanquished.

Grand Total: 306 creatures vanquished

Table legend:
 A = Non-vault XP
 B = Vault XP
 C = Vault XP percentage of total XP
 D = Non-vault monster count
 E = Vault monster count
 F = Vault count percentage of total count
                 A         B        C        D         E       F
            +---------+---------+-------+---------+---------+-------
      Total |   11285 |    8889 |  44.1 |     235 |      71 |  23.2
            +---------+---------+-------+---------+---------+-------
        D:1 |      28 |       8 |  22.2 |      16 |       3 |  15.8
        D:2 |      63 |      42 |  40.0 |      15 |       1 |   6.2
        D:3 |     122 |       0 |   0.0 |      19 |       0 |   0.0
        D:4 |     217 |      43 |  16.5 |      24 |       8 |  25.0
        D:5 |     796 |       0 |   0.0 |      23 |       0 |   0.0
        D:6 |     981 |       0 |   0.0 |      25 |       0 |   0.0
        D:7 |    2006 |     904 |  31.1 |      45 |       2 |   4.3
        D:8 |     545 |     305 |  35.9 |      11 |       1 |   8.3
        D:9 |    1917 |    3376 |  63.8 |      17 |       9 |  34.6
       D:10 |    1742 |     507 |  22.5 |      19 |       1 |   5.0
       D:11 |    1771 |    1217 |  40.7 |       8 |       8 |  50.0
       D:12 |    1097 |       0 |   0.0 |      13 |       0 |   0.0
     Bailey |       0 |    2487 | 100.0 |       0 |      38 | 100.0
            +---------+---------+-------+---------+---------+-------

Skill      XL: |  1  2  3  4  5  6  7  8  9 10 11 12 |
---------------+-------------------------------------+-----
Armour         | 2 3 4 6 7 9 10 11 | 11.1
Fighting       | 4 5 7 8 10 | 10.0
Axes           | 4 5 7 8 10 12 | 12.3
Evocations     | 2 |  2.0
Dodging        | |  1.7

Action                     |  1- 3 |  4- 6 |  7- 9 | 10-12 || total
---------------------------+-------+-------+-------+-------++-------
  Melee: Hand axe          |    56 |   225 |   320 |   320 ||   921
         Dagger            |    46 |    53 |       |       ||    99
         War axe           |       |       |   150 |   343 ||   493
 Invoke: Berserk           |       |     1 |     1 |     1 ||     3
         Brothers in Arms  |       |       |     1 |     3 ||     4
         Trog's Hand       |       |       |     1 |     1 ||     2
  Evoke: Wand              |       |       |       |     9 ||     9
    Use: Scroll            |       |     9 |     3 |     8 ||    20
         Potion            |       |       |     1 |     9 ||    10
 Armour: Animal skin       |    30 |     5 |       |       ||    35
         Ring mail         |       |    10 |       |       ||    10
         Plate armour      |       |   118 |   263 |   464 ||   845
         Skin              |       |       |     8 |    47 ||    55
  Dodge: Dodged            |    40 |    67 |    95 |   142 ||   344

Illustrated notes

Table legend:
 A = Kills in this place as a percentage of kills in the entire game.
 B = Kills by you in this place as a percentage of kills by you in the entire game.
 C = Kills by friends in this place as a percentage of kills by friends in the entire game.
 D = Other kills in this place as a percentage of other kills in the entire game.
 E = Experience gained in this place as a percentage of experience gained in the entire game.
 F = Experience gained in this place divided by the number of levels of this place that you have seen.
                   A       B       C       D       E      F
               +-------+-------+-------+-------+-------+----------------------
         Total | 100.0 | 100.0 | 100.0 | 100.0 | 100.0 | 1551.8
       Dungeon |  87.6 |  87.5 | 100.0 | 100.0 |  87.7 | 1473.9
        Bailey |  12.4 |  12.5 |   0.0 |   0.0 |  12.3 | 2487.0
               +-------+-------+-------+-------+-------+----------------------

Table legend: (Time is in decaauts)
 A = Elapsed time spent in this place.
 B = Non-inter-level travel time spent in this place.
 C = Inter-level travel time spent in this place.
 D = Time resting spent in this place.
 E = Time spent auto-exploring this place.
 F = Levels seen in this place.
 G = Mean time per level.
                   A        B        C        D        E       F      G
               +--------+--------+--------+--------+--------+-----+--------+
         Total |  12796 |  12437 |    359 |    756 |   9579 |  13 |  984.3 |
       Dungeon |  11512 |  11153 |    359 |    257 |   9102 |  12 |  959.3 |
        Bailey |   1283 |   1283 |      0 |    499 |    477 |   1 | 1283.0 |
               +--------+--------+--------+--------+--------+-----+--------+

Top non-repeatable levels by time:
     D:9: 1640 daAuts
     D:5: 1437 daAuts
     D:7: 1376 daAuts
  Bailey: 1283 daAuts
     D:1: 1026 daAuts
    D:10: 997 daAuts
     D:2: 958 daAuts
     D:8: 883 daAuts
     D:3: 872 daAuts
    D:11: 780 daAuts
     D:6: 777 daAuts
     D:4: 666 daAuts
    D:12: 94 daAuts
